 Dungeon Crawl Stone Soup version 0.25.0-26-g0c896c7088 (webtiles) character file.

Game seed: 4721550079196470119

10 Esekla the Grave Robber (level 2, -3/20 HPs)
             Began as a Formicid Necromancer on July 2, 2020.
             Slain by a worm (10 damage)
             ... on level 2 of the Dungeon.
             The game lasted 00:07:52 (1466 turns).

Esekla the Grave Robber (Formicid Necromancer)      Turns: 1466, Time: 00:07:52

Health: -3/20      AC:  2    Str: 12    XL:     2   Next: 30%
Magic:  0/5        EV: 12    Int: 14    God:
Gold:   129        SH:  0    Dex: 11    Spells: 5/6 levels left

rFire    . . .     SeeInvis +   f - +1 dagger
rCold    . . .     Gourm    .   (no shield)
rNeg     + . .     Faith    .   a - +0 robe
rPois    .         Spirit   .   (helmet unavailable)
rElec    .         Reflect  .   (no cloak)
rCorr    .         Harm     .   (no gloves)
MR       .....                  (no boots)
Stlth    ++........             (no amulet)
HPRegen  0.06/turn              h - ring of positive energy
MPRegen  0.09/turn              (no ring)

@: no status effects
A: permanent stasis, dig shafts and tunnels, four strong arms, antennae 3
a: Dig, Shaft Self


You were on level 2 of the Dungeon.
You were hungry.

You visited 1 branch of the dungeon, and saw 2 of its levels.

You collected 129 gold pieces.

Inventory:

Hand Weapons
 f - a +1 dagger (weapon)
Armour
 a - a +0 robe (worn)
Jewellery
 h - a ring of positive energy (left hand)
Scrolls
 j - a scroll of teleportation
Potions
 e - a potion of mutation {unknown}
 g - a potion of might
 l - a potion of curing {unknown}
Comestibles
 c - 4 rations


   Skills:
 * Level 0.7 Fighting
 + Level 1.8 Dodging
 + Level 2.5 Stealth
 * Level 2.5 Spellcasting
 + Level 4.1 Necromancy


You had 5 spell levels left.
You knew the following spells:

 Your Spells              Type           Power        Failure   Level  Hunger
a - Pain                  Necr           ##..         4%          1    #......

Your spell library contained the following spells:

 Spells                   Type           Power        Failure   Level  Hunger
 Animate Skeleton         Necr           N/A          4%          1    #......
 Vampiric Draining        Necr           ##........   12%         3    ###....
 Animate Dead             Necr           N/A          38%         4    #####..
 Agony                    Necr           ##......     75%         5    ######.


Dungeon Overview and Level Annotations

Branches:
Dungeon (2/15)

Altars:
Hepliaklqana
Xom


Innate Abilities, Weirdness & Mutations

You cannot be hasted, slowed, berserked, paralysed or teleported.
You can dig through walls and to a lower floor.
Your four strong arms can wield two-handed weapons with a shield.
You have a pair of large antennae on your head. (SInv)


Message History

The worm writhes in agony.
Casting: Pain (safe; 4% risk of failure)
Confirm with . or Enter, or press ? or * to list all spells.
Aiming: Pain (safe; 4% risk of failure)
Press: ? - help, Shift-Dir - straight line, f/p - worm
Aim: a worm (moderately wounded, chance to defeat MR: 77%)
The worm writhes in agony.
The worm bites you.
Casting: Pain (safe; 4% risk of failure)
Confirm with . or Enter, or press ? or * to list all spells.
Aiming: Pain (safe; 4% risk of failure)
Press: ? - help, Shift-Dir - straight line, f/p - worm
Aim: a worm (heavily wounded, chance to defeat MR: 77%)
The worm barely resists.
The worm bites you!
You barely miss the worm.
The worm is heavily wounded.
You hit the worm.
The worm is heavily wounded.
The worm bites you!
Ouch! That really hurt!
You die...

#.# #......#.#######...... #.#
###......#.# #....<. #.#
#..†.#...#.# #......
#.#####.####.....########.w...
#.....(.# #............).....
#.##########.........####w....
### ##....................
##............#####....
###...#.@w......# #....
####.......###..#..# #####
#.......<.....####+#
####.........###...#
####.....##_..###
#.....##...### #....##..._#h#
#..<..#.#####{#
#.....'.##w#§##


You could see a worm.

Vanquished Creatures
  A giant cockroach (D:1)
  3 goblins
  3 bats (D:1)
  4 kobolds
11 creatures vanquished.

Notes
Turn   | Place    | Note
-------+----------+-------------------------------------------
     0 | D:1      | Esekla the Formicid Necromancer began the quest for the
                  | Orb.
     0 | D:1      | Reached XP level 1. HP: 13/13 MP: 3/3
   440 | D:1      | Reached XP level 2. HP: 18/19 MP: 1/5
   667 | D:1      | You fall into a shaft and drop 1 floor!
  1109 | D:2      | Found a shimmering altar of Xom.
  1110 | D:2      | Found a hazy altar of Hepliaklqana.
  1111 | D:2      | Noticed a spectral ugly thing
  1466 | D:2      | Slain by a worm

Illustrated notes

Levels and vault maps discovered:
D:1:      sevenhm_arrival_forest_fort_large_3, layout_basic, minmay_heptomino_l4
D:2:      minmay_door_path, layout_rooms, regret_index_temple_of_mockery,
          old_standard_altar, uniq_crazy_yiuf_cottage, uniq_sigmund,
          uniq_natasha

Action                   || total
-------------------------++-------
Melee: Unarmed           ||     5
       Dagger            ||     7
 Cast: Pain              ||    23
  Use: Scroll            ||     6
 Stab: Sleeping          ||     1
  Eat: Chunk             ||     1
Armor: Robe              ||     6
Dodge: Dodged            ||    16
